 Dungeon Crawl Stone Soup version 0.19.5 (webtiles) character file.

14519 ghjk the Severer (level 11, -5/103 HPs)
             Began as a Minotaur Fighter on Apr 19, 2017.
             Was a High Priest of Okawaru.
             Slain by a salamander (15 damage)
             ... in a volcano.
             The game lasted 00:25:33 (13166 turns).

ghjk the Severer (Minotaur Fighter)                Turns: 13166, Time: 00:25:33

Health: -5/103     AC: 16    Str: 29    XL:     11   Next: 89%
Magic:  19/19      EV:  9    Int: 12    God:    Okawaru [*****.]
Gold:   627        SH: 12    Dex: 10    Spells: 0 memorised, 10 levels left

rFire  . . .     SeeInvis +     a - +0 war axe
rCold  . . .     Gourm    .     r - +1 chain mail
rNeg   . . .     Faith    .     c - +0 shield
rPois  .         Spirit   .     (helmet restricted)
rElec  .         Reflect  +     O - +0 cloak
rCorr  .         Harm     .     (no gloves)
MR     .....                    A - +0 pair of boots of Okawaru's Approval {+Fly MR- Int+7 Slay+2}
Stlth  ..........               u - +2 amulet of reflection
                                m - ring of magical power
                                h - ring of see invisible

@: mighty
A: retaliatory headbutt, horns 2
a: Heroism, Finesse, Renounce Religion, Evoke Flight


You were in a volcano.
You worshipped Okawaru.
Okawaru was extremely pleased with you.
You were not hungry.

You visited 2 branches of the dungeon, and saw 12 of its levels.
You also visited: Sewer and Volcano.

You collected 627 gold pieces.

Inventory:

Hand Weapons
 a - a +0 war axe (weapon)
 d - a +1 scimitar of flaming
 y - a +3 executioner's axe of flaming
 G - a +0 hand crossbow
Missiles
 L - 11 bolts
Armour
 b - a +0 scale mail
 c - a +0 shield (worn)
 e - a +2 pair of boots
 r - a +1 chain mail (worn)
 A - the +0 pair of boots of Okawaru's Approval (worn) {+Fly MR- Int+7 Slay+2}
   (Okawaru gifted it to you on level 3 of the Lair of Beasts)

   It affects your intelligence (+7).
   It affects your accuracy and damage with ranged weapons and melee attacks
   (+2).
   It affects your resistance to hostile enchantments.
   It lets you fly.
 O - a +0 cloak (worn)
Jewellery
 h - a ring of see invisible (left hand)
 m - a ring of magical power (right hand)
 u - a +2 amulet of reflection (around neck)
 E - an uncursed ring of stealth {unknown}
 R - a cursed amulet of inaccuracy {unknown}
 W - an uncursed ring of fire {unknown}
 Z - an uncursed ring of wizardry {unknown}
Wands
 l - a wand of iceblast (11/15)
 n - a wand of lightning (8/15)
 s - a wand of polymorph (4/24)
 F - a wand of confusion (31/48)
 K - a wand of polymorph (15/24)
Scrolls
 p - 7 scrolls of recharging
 w - a scroll of teleportation
 x - 4 scrolls of magic mapping
 J - 6 scrolls of remove curse
 X - a scroll of amnesia
Potions
 g - 5 potions of flight
 i - 4 potions of curing {unknown}
 j - 3 potions of heal wounds
 k - 4 potions of invisibility
 t - a potion of agility {unknown}
 v - 3 potions of might
 z - 4 potions of ambrosia
 B - a potion of berserk rage
 I - 2 potions of resistance {unknown}
 N - a potion of brilliance {unknown}
 S - a potion of cancellation {unknown}
 T - 2 potions of degeneration
Books
 o - a book of Misfortune

   Spells                             Type                      Level
   a - Confusing Touch                Hexes                        1
   b - Confuse                        Hexes                        3
   c - Gell's Gravitas                Hexes/Translocation          3
   d - Petrify                        Transmutation/Earth          4
   e - Metabolic Englaciation         Hexes/Ice                    5
   f - Yara's Violent Unravelling     Hexes/Transmutation          5
 D - a book of Cantrips

   Spells                             Type                      Level
   a - Confusing Touch                Hexes                        1
   b - Animate Skeleton               Necromancy                   1
   c - Summon Small Mammal            Summoning                    1
   d - Apportation                    Translocation                1
 H - a book of Air

   Spells                             Type                      Level
   a - Shock                          Conjuration/Air              1
   b - Swiftness                      Charms/Air                   2
   c - Repel Missiles                 Charms/Air                   2
   d - Static Discharge               Conjuration/Air              3
   e - Lightning Bolt                 Conjuration/Air              5
 Q - a book of Necromancy

   Spells                             Type                      Level
   a - Pain                           Necromancy                   1
   b - Animate Skeleton               Necromancy                   1
   c - Vampiric Draining              Necromancy                   3
   d - Regeneration                   Charms/Necromancy            3
   e - Animate Dead                   Necromancy                   4
   f - Control Undead                 Necromancy                   4
 U - a book of Frost

   Spells                             Type                      Level
   a - Freeze                         Ice                          1
   b - Throw Frost                    Conjuration/Ice              2
   c - Ozocubu's Armour               Charms/Ice                   3
   d - Throw Icicle                   Conjuration/Ice              4
   e - Summon Ice Beast               Ice/Summoning                4
Comestibles
 f - 6 bread rations
 q - 3 meat rations


   Skills:
 + Level 11.6 Fighting
 + Level 15.4 Axes
 + Level 11.1 Armour
 + Level 5.3 Dodging
 - Level 4.0 Shields


You had 10 spell levels left.
You didn't know any spells.

Dungeon Overview and Level Annotations

Branches:
Dungeon (9/15)             Temple (0/1) D:4            Lair (3/6) D:8
 Spider (0/4) Lair:2
  Swamp: Lair:2-4    Shoals: Lair:2-4       Orc: D:9-12

Altars:
Ashenzari
Kikubaaqudgha
Okawaru
Ru
Trog

Shops:
D:5 (


Innate Abilities, Weirdness & Mutations

You reflexively headbutt those who attack you in melee.
You have a pair of horns on your head.


Message History

You headbutt the salamander!!
The salamander hits you but does no damage.
The salamander drinks a potion.
The salamander goes berserk!
Unknown command.
You slash the salamander!
You kill the salamander!
Okawaru is honoured by your kill.
You feel your strength returning.
You slash the salamander! Your headbutt misses the salamander.
The salamander is lightly wounded.
The salamander hits you!
* * * LOW HITPOINT WARNING * * *
You are engulfed in flames!
* * * LOW HITPOINT WARNING * * *
Unknown command.
You barely miss the salamander.
The salamander is lightly wounded.
In the distance, the volcano erupts with a roar.
The salamander hits you!
You die...

## #### ###.#####
###@N#
........###..##..)!$#
§§≈≈§≈≈.......###
∩$[.. ≈≈≈§≈≈≈§....###
≈$)≈ §≈≈≈§§§≈≈≈....#
§≈≈ ≈≈≈≈≈≈≈≈≈....##
≈≈ ≈≈≈≈§≈≈≈≈§....# §
§§≈≈≈≈§≈≈§...##
≈≈§§§≈≈§§..###


You could see a salamander (berserk).

Vanquished Creatures
  A red draconian (Volcano)
  Erica (D:8)
  A deep troll earth mage (D:9)
  A salamander mystic (Volcano)
  A salamander (Volcano)
  A black mamba (Lair:1)
  2 spiny frogs (Lair:1)
  Psyche (D:8)
  3 komodo dragons
  A polar bear (Lair:3)
  A hornet (D:8)
  Prince Ribbit (D:6)
  A two-headed ogre (D:8)
  Grinder (D:3)
  2 hippogriffs (D:8)
  2 redbacks (Lair:2)
  2 wyverns (D:8)
  Eustachio (D:6)
  3 fire bats (Lair:3)
  10 yaks
  A basilisk (Lair:1)
  Grum (D:8)
  A hungry ghost (D:8)
  Edmund (D:6)
  Duvessa (D:4)
  A water moccasin (Lair:1)
  6 porcupines
  An ice beast (D:7)
  2 sky beasts (D:7)
  2 phantoms
  An orc warrior (D:8)
  A necrophage (D:8)
  2 ogres
  6 wolves
  5 crocodiles
  3 big kobolds
  2 bullfrogs (Lair:1)
  A gnoll sergeant (D:6)
  A wyvern zombie (D:8)
  Dowan (D:4)
  2 scorpions
  4 killer bees (D:8)
  4 wights (D:8)
  4 crimson imps
  2 centaur zombies
  Crazy Yiuf (D:7)
  An orc priest (D:3)
  2 hounds
  3 jellies
  10 orc wizards
  4 gnoll shamans (D:6)
  3 iguanas
  Natasha (twice) (D:3)
  7 worker ants
  A killer bee zombie (D:7)
  A hound zombie (D:6)
  A worker ant zombie (D:5)
  32 gnolls (D:6)
  2 river rats (Sewer)
  8 adders
  A shadow imp (D:5)
  A worm (D:4)
  A dart slug (D:1)
  5 leopard geckos
  41 orcs
  6 bats
  5 giant cockroaches
  7 goblins
  6 hobgoblins
  31 jackals
  5 quokkas
  A ball python (D:5)
  5 frilled lizards
  15 kobolds
  11 rats
312 creatures vanquished.

Vanquished Creatures (others)
  A centaur (D:8)
  Natasha (D:3)
2 creatures vanquished.

Grand Total: 314 creatures vanquished

Notes
Turn   | Place    | Note
-------+----------+-------------------------------------------
     0 | D:1      | ghjk the Minotaur Fighter began the quest for the Orb.
     0 | D:1      | Reached XP level 1. HP: 19/19 MP: 0/0
   185 | D:1      | Found an iron altar of Okawaru.
   194 | D:1      | Reached XP level 2. HP: 27/27 MP: 1/1
   195 | D:1      | Became a worshipper of Warmaster Okawaru
  1005 | D:2      | Reached XP level 3. HP: 33/33 MP: 2/2
  1248 | D:2      | Reached skill level 3 in Axes
  1806 | D:3      | Noticed Natasha
  1818 | D:3      | Killed Natasha
  1818 | D:3      | Reached XP level 4. HP: 26/41 MP: 3/3
  1832 | D:3      | Noticed Natasha
  1840 | D:3      | Killed Natasha
  1965 | D:3      | Found a sacrificial altar of Ru.
  2001 | D:3      | Noticed Natasha
  2008 | D:3      | Killed Natasha
  2009 | D:3      | Reached skill level 4 in Axes
  2009 | D:3      | Reached skill level 5 in Armour
  2009 | D:3      | Reached XP level 5. HP: 5/47 MP: 4/4
  2382 | D:3      | Found a glowing drain.
  2396 | Sewer    | Entered a sewer
  2407 | Sewer    | Reached * piety under Okawaru
  2407 | Sewer    | Reached skill level 1 in Dodging
  2744 | Sewer    | Found a white marble altar of Elyvilon.
  2903 | D:3      | Reached skill level 5 in Axes
  2903 | D:3      | Reached XP level 6. HP: 44/53 MP: 5/5
  2943 | D:3      | Noticed Grinder
  2952 | D:3      | Killed Grinder
  2952 | D:3      | Reached skill level 5 in Fighting
  2952 | D:3      | Reached skill level 6 in Axes
  3054 | D:4      | Reached XP level 7. HP: 55/61 MP: 6/6
  3059 | D:4      | Reached ** piety under Okawaru
  3097 | D:4      | Found a staircase to the Ecumenical Temple.
  3225 | D:4      | Noticed Dowan
  3227 | D:4      | Noticed Duvessa
  3260 | D:4      | Killed Duvessa
  3260 | D:4      | Reached skill level 7 in Axes
  3263 | D:4      | Killed Dowan
  3756 | D:4      | Reached XP level 8. HP: 62/70 MP: 7/7
  3783 | D:4      | Reached skill level 8 in Axes
  3978 | D:5      | Entered Level 5 of the Dungeon
  4116 | D:5      | Found Aheoqose's Antique Weapon Emporium.
  4328 | D:5      | Found an iron altar of Okawaru.
  4328 | D:5      | Found a bloodstained altar of Trog.
  4328 | D:5      | Found an ancient bone altar of Kikubaaqudgha.
  4356 | D:5      | Reached *** piety under Okawaru
  4370 | D:5      | Found a shattered altar of Ashenzari.
  4705 | D:6      | Reached skill level 9 in Axes
  4829 | D:6      | Noticed Eustachio
  4933 | D:6      | Killed Eustachio
  5208 | D:6      | Noticed Prince Ribbit
  5259 | D:6      | Killed Prince Ribbit
  5259 | D:6      | Reached skill level 10 in Axes
  5542 | D:6      | Noticed Edmund
  5554 | D:6      | Killed Edmund
  5554 | D:6      | Reached XP level 9. HP: 79/79 MP: 8/8
  5757 | D:6      | Reached **** piety under Okawaru
  6101 | D:6      | Reached skill level 11 in Axes
  6302 | D:7      | Identified a scroll of acquirement
  6852 | D:7      | Found a runed door.
  6916 | D:7      | Noticed Crazy Yiuf
  6921 | D:7      | Killed Crazy Yiuf
  7060 | D:8      | Noticed Psyche
  7065 | D:8      | Killed Psyche
  7065 | D:8      | Reached skill level 12 in Axes
  7383 | D:8      | Reached XP level 10. HP: 73/87 MP: 9/9
  7391 | D:8      | Noticed Erica
  7407 | D:8      | Noticed Grum
  7408 | D:8      | Killed Erica
  7408 | D:8      | Reached ***** piety under Okawaru
  7414 | D:8      | Killed Grum
  7420 | D:8      | Reached skill level 13 in Axes
  7570 | D:8      | Reached skill level 5 in Dodging
  8115 | D:8      | Found a staircase to the Lair.
  8748 | D:9      | Noticed a guardian serpent
  9023 | D:9      | Noticed a deep troll earth mage
  9028 | D:9      | Killed a deep troll earth mage
  9028 | D:9      | Received a gift from Okawaru
  9028 | D:9      | Reached skill level 14 in Axes
  9175 | D:9      | Noticed a guardian serpent
  9458 | Lair:1   | Entered Level 1 of the Lair of Beasts
  9664 | Lair:1   | Noticed a black mamba
  9671 | Lair:1   | Killed a black mamba
  9671 | Lair:1   | Reached XP level 11. HP: 79/98 MP: 10/10
  9987 | Lair:1   | Reached skill level 10 in Fighting
 10393 | Lair:1   | Reached skill level 10 in Armour
 11331 | Lair:2   | Found a hole to the Spider Nest.
 12285 | Lair:3   | Reached skill level 15 in Axes
 12563 | Lair:3   | Received a gift from Okawaru
 12594 | Lair:3   | Got a pair of ichor-stained boots {god gift}
 12605 | Lair:3   | Identified the +0 pair of boots of Okawaru's Approval {+Fly MR- Int+7 Slay+2} (Okawaru gifted it to you on level 3 of the Lair of Beasts)
 12653 | Lair:3   | Noticed a seven-headed hydra
 12820 | Lair:3   | Found a dark tunnel.
 12842 | Volcano  | Entered a volcano
 12937 | Volcano  | Noticed a red draconian
 12951 | Volcano  | Killed a red draconian
 13150 | Volcano  | Noticed a salamander mystic
 13161 | Volcano  | Killed a salamander mystic
 13166 | Volcano  | Slain by a salamander

Skill      XL: |  1  2  3  4  5  6  7  8  9 10 11 |
---------------+----------------------------------+-----
Fighting       | 4 5 6 7 8 9 11 | 11.6
Shields        | 4 |  4.0
Armour         | 4 5 6 8 9 11 | 11.1
Axes           | 3 4 5 6 7 10 12 14 15 | 15.4
Dodging        | 1 2 3 4 5 |  5.3

Action                   |  1- 3 |  4- 6 |  7- 9 | 10-12 || total
-------------------------+-------+-------+-------+-------++-------
Melee: War axe           |    89 |   109 |   550 |   389 ||  1137
       Headbutt          |    10 |    18 |    94 |    80 ||   202
  Use: Scroll            |     3 |     1 |     8 |     5 ||    17
       Potion            |       |     1 |       |     4 ||     5
 Stab: Paralysed         |       |     1 |       |       ||     1
       Held in net/web   |       |       |     1 |       ||     1
  Eat: Chunk             |     1 |     3 |    13 |       ||    17
       Pizza             |     1 |       |     1 |     1 ||     3
       Beef jerky        |       |     1 |       |     1 ||     2
       Fruit             |       |       |       |    25 ||    25
Armor: Scale mail        |    11 |       |     7 |       ||    18
       Ring mail         |    34 |    48 |    36 |       ||   118
       Skin              |       |     3 |       |       ||     3
       Chain mail        |       |       |   140 |   145 ||   285
Dodge: Dodged            |    24 |    28 |   143 |   100 ||   295
Block: Shield            |    48 |    47 |   298 |   190 ||   583
       Reflection        |       |       |     5 |     4 ||     9
